 Dungeon Crawl Stone Soup version 0.26.1-11-gd32895ea62 (webtiles) character file.

Game seed: 840932446089506797

698721 Doot the Archmage (level 27, -26/125 (135) HPs)
             Began as a Deep Elf Conjurer on May 11, 2021.
             Was a High Priest of Sif Muna.
             Killed from afar by an ancient lich (73 damage)
             ... with an iron shot
             ... on level 1 of the Tomb of the Ancients on May 12, 2021.
             The game lasted 04:35:42 (99503 turns).

Doot the Archmage (Deep Elf Conjurer)              Turns: 99503, Time: 04:35:43

HP:   -26/125 (135) AC: 22    Str: 10    XL:     27
MP:   1/56          EV: 19    Int: 54    God:    Sif Muna [*****.]
Gold: 5399          SH: 14    Dex: 23    Spells: 8/80 levels left

rFire    + + +     SeeInvis .   O - +3 Elemental Staff {rElec rF++ rC++ Will++ AC+5}
rCold    + + +     Faith    .   u - +0 tower shield of Ulurynuell {Will+ rCorr Int+3}
rNeg     . . .     Spirit   .   N - +2 troll leather armour of Weirdness {rElec Regen+ Int+7 Dex+7}
rPois    +         Reflect  .   (helmet restricted)
rElec    +         Harm     .   j - +2 cloak {rPois}
rCorr    +         Rampage  .   s - +2 pair of gloves {Dex+3}
Will     +++++                  M - +2 pair of boots "Eclefoh" {rCorr Int+2}
Stlth    ++++......             e - amulet of Widu {Acrobat rF+ rC+}
HPRegen  0.70/turn              a - ring of Incredulity {Wiz rElec Slay+2}
MPRegen  0.35/turn              n - ring "Aphaju Vuim" {+Inv Str+6 Int+5 Stlth-}

@: marked, slowed, drained, very slow
A: beak, hooves 1, blurry vision 1, cold resistance 1, fire resistance 1,
evolution 1
}: 4/15 runes: decaying, slimy, silver, gossamer
a: Renounce Religion, Evoke Invisibility, Channel Magic, Forget Spell, Divine
Exegesis


You were on level 1 of the Tomb of the Ancients.
You worshipped Sif Muna.
Sif Muna was extremely pleased with you.
You visited 12 branches of the dungeon, and saw 54 of its levels.
You visited the Abyss 2 times.
You also visited: Sewer, Bailey, Gauntlet, Ice Cave, Volcano, Wizlab and Desolation.

You collected 12088 gold pieces.
You spent 6689 gold pieces at shops.

Inventory:

Hand Weapons
 l - the +8 hand axe of Slime {speed, *Drain rPois rF+++ SInv}
   (You took it off a deep elf sorcerer on level 3 of the Elven Halls)

   Attacks with this weapon are significantly faster.
   It renders you almost immune to fire.
   It protects you from poison.
   It lets you see invisible.
   It causes draining when unequipped.
 o - the +5 long sword of Hospitality {vorpal, rElec rN+ Int+3}
   (You found it in a wizard's laboratory)

   It inflicts extra damage upon your enemies.
   It affects your intelligence (+3).
   It insulates you from electricity.
   It protects you from negative energy.
 O - the +3 Elemental Staff (weapon) {rElec rF++ rC++ Will++ AC+5}
   (You bought it in a shop on level 2 of the Depths)

   It affects your AC (+5).
   It greatly protects you from fire.
   It greatly protects you from cold.
   It insulates you from electricity.
   It affects your willpower, your defense against some magical effects.
Armour
 j - a +2 cloak of poison resistance (worn)
 s - a +2 pair of gloves of dexterity (worn)
 u - the +0 tower shield of Ulurynuell (worn) {Will+ rCorr Int+3}
   (You bought it in a shop on level 2 of the Depths)

   It affects your intelligence (+3).
   It affects your willpower, your defense against some magical effects.
   It provides partial protection from all sources of acid and corrosion.
 M - the +2 pair of boots "Eclefoh" (worn) {rCorr Int+2}
   (You bought it in a shop on level 5 of the Vaults)

   It affects your intelligence (+2).
   It provides partial protection from all sources of acid and corrosion.
 N - the +2 troll leather armour of Weirdness (worn) {rElec Regen+ Int+7 Dex+7}
   (You found it in a Gauntlet)

   It affects your intelligence (+7).
   It affects your dexterity (+7).
   It insulates you from electricity.
   It increases your rate of regeneration.
 R - the +2 pair of gloves of the Wilderness {Will+}
   (You bought it in a shop on level 9 of the Dungeon)

   It affects your willpower, your defense against some magical effects.
Magical Staves
 k - an uncursed staff of conjuration
Jewellery
 a - the ring of Incredulity (left hand) {Wiz rElec Slay+2}
   (You found it in the Desolation of Salt)

   [ring of wizardry]

   It improves your spell success rate.
   It affects your accuracy and damage with ranged weapons and melee attacks
   (+2).
   It insulates you from electricity.
 e - the amulet of Widu (around neck) {Acrobat rF+ rC+}
   (You found it on level 4 of the Swamp)

   [amulet of the acrobat]

   It helps you evade while moving and waiting.
   It protects you from fire.
   It protects you from cold.
 n - the ring "Aphaju Vuim" (right hand) {+Inv Str+6 Int+5 Stlth-}
   (You acquired it in a Gauntlet)

   [ring of strength]

   It affects your strength (+6).
   It affects your intelligence (+5).
   It lets you turn invisible.
   It makes you less stealthy.
 q - a +6 ring of dexterity
 x - the ring "Losaz" {rElec rF+ MP+9 Str+2 Stlth-}
   (You found it on level 4 of the Vaults)

   [ring of magical power]

   It affects your strength (+2).
   It protects you from fire.
   It insulates you from electricity.
   It affects your magic capacity (+9).
   It makes you less stealthy.
 A - the ring "Pukh" {rPois rC+ rN+ Dex+6}
   (You found it on level 6 of the Lair of Beasts)

   [ring of dexterity]

   It affects your dexterity (+6).
   It protects you from cold.
   It protects you from poison.
   It protects you from negative energy.
 W - an uncursed amulet of faith
Wands
 c - a wand of flame (33)
 p - a wand of random effects (49)
 w - a wand of acid (37)
 y - a wand of iceblast (39)
 J - a wand of digging (9)
 T - a wand of disintegration (31)
Scrolls
 b - 17 scrolls of fog
 h - 25 scrolls of remove curse
 i - 8 scrolls of fear
 m - 26 scrolls of teleportation
 t - 6 scrolls of blinking
 B - 10 scrolls of magic mapping
 D - 12 scrolls of vulnerability
 E - 12 scrolls of enchant armour
 H - 15 scrolls of identify
 L - 6 scrolls of enchant weapon
 P - 2 scrolls of silence
 Q - a scroll of summoning
 X - 2 scrolls of brand weapon
 Y - 6 scrolls of holy word
Potions
 d - 7 potions of haste
 f - 9 potions of might
 g - a potion of experience
 r - 6 potions of brilliance
 v - 31 potions of curing
 z - 9 potions of magic
 C - 18 potions of flight
 G - 8 potions of ambrosia
 I - 5 potions of cancellation
 K - 4 potions of resistance
 S - 2 potions of invisibility
 U - 10 potions of degeneration
 V - 5 potions of lignification
 Z - 4 potions of heal wounds
Miscellaneous
 F - a phantom mirror


   Skills:
 + Level 3.9 Fighting
 + Level 0.6 Short Blades
 + Level 2.3 Staves
 + Level 6.6 Armour
 + Level 12.7 Dodging
 + Level 10.2 Stealth
 + Level 6.9 Shields
 O Level 27 Spellcasting
 + Level 26.2 Conjurations
 + Level 5.7 Hexes
 + Level 4.2 Summonings
 + Level 10.1 Necromancy
 + Level 16.5 Translocations
 + Level 6.6 Transmutations
 + Level 18.0 Fire Magic
 * Level 15.4 Ice Magic
 + Level 17.5 Earth Magic
 + Level 10.2 Invocations
 + Level 5.3 Evocations


You had 8 spell levels left.
You knew the following spells:

 Your Spells              Type           Power        Failure   Level
a - Magic Dart            Conj           100%         0%          1
c - Iskenderun's Mystic   Conj/Tloc      100%         0%          4
d - Fulminant Prism       Conj/Hex       64%          0%          4
e - Orb of Destruction    Conj           75%          1%          7
f - Iron Shot             Conj/Erth      84%          1%          6
h - Iskenderun's Battles  Conj           100%         0%          5
i - Dispel Undead         Necr           100%         1%          4
j - Statue Form           Tmut/Erth      94%          1%          6
k - Spellforged Servitor  Conj/Summ      63%          1%          7
l - Blink                 Tloc           N/A          0%          2
m - Lehudib's Crystal Sp  Conj/Erth      84%          1%          8
n - Fire Storm            Conj/Fire      84%          8%          9
o - Freeze                Ice            100%         0%          1
p - Ignition              Fire           79%          2%          8

Your spell library contained the following spells:

 Spells                   Type           Power        Failure   Level
 Apportation              Tloc           100%         0%          1
 Foxfire                  Conj/Fire      100%         0%          1
 Sandblast                Erth           100%         0%          1
 Shock                    Conj/Air       100%         0%          1
 Passwall                 Tmut/Erth      100%         0%          2
 Searing Ray              Conj           100%         0%          2
 Conjure Flame            Conj/Fire      100%         0%          3
 Dazzling Flash           Conj/Hex       100%         0%          3
 Frozen Ramparts          Ice            100%         0%          3
 Gell's Gravitas          Tloc           64%          0%          3
 Lesser Beckoning         Tloc           64%          0%          3
 Ozocubu's Armour         Ice            100%         0%          3
 Static Discharge         Conj/Air       100%         0%          3
 Stone Arrow              Conj/Erth      100%         0%          3
 Teleport Other           Tloc           100%         0%          3
 Hailstorm                Conj/Ice       100%         0%          4
 Passage of Golubria      Tloc           N/A          0%          4
 Sticky Flame             Conj/Fire      100%         0%          4
 Bolt of Magma            Conj/Fire/Erth 95%          0%          5
 Fireball                 Conj/Fire      84%          0%          5
 Animate Skeleton         Necr           100%         1%          1
 Beastly Appendage        Tmut           100%         1%          1
 Corona                   Hex            100%         1%          1
 Pain                     Necr           100%         1%          1
 Sting                    Tmut/Pois      100%         1%          1
 Summon Small Mammal      Summ           100%         1%          1
 Call Imp                 Summ           87%          1%          2
 Corpse Rot               Necr/Air       N/A          1%          2
 Ensorcelled Hibernation  Hex/Ice        100%         1%          2
 Poisonous Vapours        Pois/Air       100%         1%          2
 Slow                     Hex            94%          1%          2
 Sublimation of Blood     Necr           55%          1%          2
 Swiftness                Air            83%          1%          2
 Wereblood                Tmut           98%          1%          2
 Call Canine Familiar     Summ           87%          1%          3
 Confusing Touch          Hex            94%          1%          3
 Ignite Poison            Fire/Tmut/Pois 100%         1%          3
 Inner Flame              Hex/Fire       100%         1%          3
 Mephitic Cloud           Conj/Pois/Air  100%         1%          3
 Portal Projectile        Hex/Tloc       100%         1%          3
 Spider Form              Tmut/Pois      41%          1%          3
 Summon Guardian Golem    Hex/Summ       90%          1%          3
 Tukima's Dance           Hex            94%          1%          3
 Vampiric Draining        Necr           55%          1%          3
 Animate Dead             Necr           55%          1%          4
 Cause Fear               Hex            47%          1%          4
 Ice Form                 Ice/Tmut       100%         1%          4
 Leda's Liquefaction      Hex/Erth       69%          1%          4
 Petrify                  Tmut/Erth      100%         1%          4
 Summon Ice Beast         Ice/Summ       100%         1%          4
 Agony                    Necr           100%         1%          5
 Blade Hands              Tmut           49%          1%          5
 Borgnjor's Vile Clutch   Necr/Erth      73%          1%          5
 Excruciating Wounds      Necr           55%          1%          5
 Irradiate                Conj/Tmut      64%          1%          5
 Lee's Rapid Deconstruct  Erth           78%          1%          5
 Lightning Bolt           Conj/Air       72%          1%          5
 Metabolic Englaciation   Hex/Ice        68%          1%          5
 Summon Forest            Summ/Tloc      55%          1%          5
 Yara's Violent Unravell  Hex/Tmut       48%          1%          5
 Conjure Ball Lightning   Conj/Air       72%          1%          6
 Death Channel            Necr           55%          1%          6
 Dispersal                Tloc           64%          1%          6
 Freezing Cloud           Conj/Ice/Air   86%          1%          6
 Ozocubu's Refrigeration  Ice            75%          1%          6
 Simulacrum               Ice/Necr       71%          1%          6
 Starburst                Conj/Fire      84%          1%          6
 Summon Lightning Spire   Summ/Air       97%          2%          4
 Summon Mana Viper        Hex/Summ       90%          2%          5
 Summon Demon             Summ           43%          3%          5
 Alistair's Intoxication  Tmut/Pois      55%          4%          5
 Disjunction              Tloc           64%          4%          8
 Airstrike                Air            41%          6%          4
 Olgreb's Toxic Radiance  Pois           64%          6%          4
 Silence                  Hex/Air        50%          6%          5
 Hydra Form               Tmut           49%          6%          6
 Malign Gateway           Summ/Tloc      55%          8%          7
 Invisibility             Hex            94%          10%         6
 Shadow Creatures         Summ           N/A          17%         6
 Chain Lightning          Conj/Air       72%          19%         8
 Eringya's Noxious Bog    Tmut/Pois      41%          24%         6
 Haunt                    Necr/Summ      50%          26%         7
 Dragon Form              Tmut           49%          32%         7
 Borgnjor's Revivificati  Necr           55%          52%         8
 Infestation              Necr           55%          52%         8
 Monstrous Menagerie      Summ           43%          65%         7
 Summon Greater Demon     Summ           43%          65%         7
 Summon Hydra             Summ           43%          65%         7
 Necromutation            Tmut/Necr      52%          75%         8
 Discord                  Hex            47%          98%         8
 Summon Horrible Things   Summ           43%          99%         8
 Shatter                  Erth           78%          43%         9
 Absolute Zero            Ice            75%          71%         9
 Death's Door             Necr           55%          100%        9
 Dragon's Call            Summ           43%          100%        9
 Tornado                  Air            41%          100%        9


Dungeon Overview and Level Annotations

Branches:
Dungeon (15/15)            Temple (1/1) D:5            Lair (6/6) D:9
  Swamp (4/4) Lair:3       Spider (4/4) Lair:4        Slime (5/5) Lair:6
    Orc (2/2) D:12            Elf (3/3) Orc:2        Vaults (5/5) D:14
  Crypt (3/3) Vaults:3       Tomb (1/3) Crypt:3      Depths (5/5) D:15
    Zot (0/5) Depths:5      Sewer (visited)          Bailey (visited)
  IceCv (visited)         Volcano (visited)          WizLab (visited)
Desolation (visited)      Gauntlet (visited)

Altars:
Ashenzari
Cheibriados
Dithmenos
Elyvilon
Fedhas
Gozag
Hepliaklqana
Kikubaaqudgha
Makhleb
Nemelex Xobeh
Okawaru
Qazlal
Ru
Sif Muna
Trog
Uskayaw
Vehumet
Wu Jian
Xom
Yredelemnul
Zin
The Shining One
Beogh
Jiyva
Lugonu

Shops:
D:9 [   Orc:1 [!   Orc:2 [*(=   Elf:1 [[(   Elf:3 !   Vaults:2 (   Vaults:3 (
Vaults:5 ??[=!:[   Depths:2 [*(:

Portals:
Hell: Depths:1 Depths:2 Depths:3 Depths:4 Depths:5
Abyss: Orc:2 Depths:3 Depths:4
Pandemonium: Depths:1 Depths:3
Ziggurat: Depths:3

Annotations:
D:4 4 transporters, GenialerGandalf's ghost, amateur HOFi
Lair:5 3 runed translucent doors, kalagan's ghost, journeyman DECj
Swamp:3 3 runed translucent doors, Almogavar's ghost, adept MiFi


Innate Abilities, Weirdness & Mutations

You have a beak for a mouth.
You have large cloven feet.
Scrolls take you a little longer to read.
Your flesh is cold resistant. (rC+)
Your flesh is heat resistant. (rF+)
You evolve.


Message History

The fireball engulfs something!
The fireball engulfs the mummy priest!!
The mummy priest is moderately damaged.
The fireball engulfs the skeletal warrior!
The skeletal warrior is severely damaged.
The fireball engulfs the ancient champion!!
You destroy the ancient champion!
Sif Muna accepts your kill.
The fireball engulfs the mummy priest!!
The mummy priest is severely damaged.
The fireball engulfs the skeletal warrior!!!
You destroy the skeletal warrior!
Sif Muna accepts your kill.
The fireball engulfs something!
A flying skull comes into view.
Your spellforged servitor is engulfed in spectral mist.
You hear some strange, mumbled words.
An iron shot appears from out of thin air!
The iron shot hits you!!!!
Ouch! That really hurt!
You die...

.................................
............................)....
..............8...8..............
.................................
#############z......#############
#.8...8.# #.......# #.......#
#.8.@.8.# #...{...# #...)...#
#.8...8.# #.☼○☼...# #☼☼8)...#
#.8°..8.# #.§.°M..# ##°''''##


You could see a mummy priest, a flying skull and a friendly spellforged servitor
(summoned).

Vanquished Creatures
  the Royal Jelly (Slime:5)
  Khufu (Vaults:3)
  A juggernaut (Depths:3)
  3 ancient liches
  2 royal mummies
  Sojobo (Vaults:4)
  Margery (Vaults:2)
  Bai Suzhen (Crypt:1)
  5 golden dragons
  A bone dragon (Abyss:2)
  Arachne (Spider:2)
  Jorgrun (D:13)
  7 liches
  3 tentacled monstrosities
  2 deep elf master archers (Elf:3)
  3 deep elf blademasters
  5 titans
  2 tentacled starspawn
  4 quicksilver dragons
  5 ancient champions
  18 acid blobs
  6 storm dragons
  Kirke (D:12)
  8 sphinxes
  3 shadow dragons (Vaults:5)
  15 azure jellies
  Roxanne (D:15)
  9 tengu reavers
  2 revenants
  An iron dragon (Depths:4)
  5 deep elf sorcerers
  An orc warlord (Bailey)
  3 ghost moths (Spider:4)
  9 frost giants
  Louise (Swamp:4)
  11 fire giants
  14 vault wardens
  A deep elf elementalist (Elf:3)
  2 draconian shifters (Depths:5)
  5 imperial myrmidons (Desolation)
  3 curse skulls
  4 ghouls
  2 reapers (Crypt:3)
  A draconian annihilator (Depths:5)
  28 stone giants
  13 very ugly things
  2 war gargoyles (Vaults:5)
  6 emperor scorpions
  19 ironheart preservers
  11 deep elf annihilators
  A black draconian (Depths:5)
  10 vampire knights
  2 green draconians
  A lorocyproca (Abyss:5)
  3 bunyips
  3 entropy weavers
  A white draconian (IceCv)
  9 deep elf demonologists
  2 yellow draconians (Depths:5)
  14 spark wasps
  2 purple draconians (Depths:5)
  A minotaur (Gauntlet)
  9 eidola
  21 ettins
  6 deep elf death magi
  11 death oozes
  5 eleionomae
  A merfolk javelineer (Depths:4)
  14 fire dragons
  17 jiangshi
  4 ragged hierophants (Desolation)
  3 mummy priests
  2 crystal guardians
  19 yaktaur captains
  A shambling mangrove (Swamp:3)
  8 boulder beetles
  18 ice dragons
  7 great orbs of eyes
  5 deep elf high priests
  8 rakshasas
  29 vault guards
  5 servants of whispers (Desolation)
  15 hydras
  7 peacekeepers
  A quicksilver dragon skeleton (Crypt:3)
  3 catoblepae
  6 ghost crabs
  3 spriggan air magi
  2 hell beasts
  8 death knights
  40 two-headed ogres
  9 deep troll shamans
  4 death yaks (Lair:6)
  8 centaur warriors
  9 alligators
  30 dancing weapons
  11 death scarabs (Tomb:1)
  6 tengu warriors
  12 vampire magi
  14 ogre magi
  2 titan zombies (Crypt:3)
  Urug (D:12)
  An orc high priest (Orc:2)
  12 deep troll earth magi
  11 thrashing horrors (Abyss:5)
  6 soul eaters
  Sonja (Lair:6)
  A storm dragon zombie (WizLab)
  21 deep elf knights
  4 spriggan berserkers (Depths:3)
  A storm dragon skeleton (Tomb:1)
  An iron troll (Depths:3)
  2 titan skeletons (Crypt:3)
  A sixfirhy (Gauntlet)
  2 spatial maelstroms
  12 hell knights
  4 wretched stars
  2 shadow wraiths (Crypt:2)
  A fire crab (shapeshifter) (Vaults:1)
  3 goliath frogs
  10 large abominations
  An unseen horror (shapeshifter) (Depths:3)
  A death drake (shapeshifter) (Vaults:4)
  3 glowing orange brains
  3 unseen horrors
  31 skeletal warriors
  7 bog bodies (Swamp:2)
  A deep troll (shapeshifter) (Vaults:4)
  4 spriggan druids
  4 wizards
  8 flayed ghosts
  55 deep trolls
  16 starcursed masses
  2 golden dragon skeletons
  2 shadow dragon zombies (Crypt:3)
  A torturous demonspawn (Depths:1)
  10 harpies (Vaults:3)
  17 deep elf archers
  4 swamp dragons
  2 lindwurms (Volcano)
  17 phantasmal warriors
  14 ironbrand convokers
  17 orc knights
  21 necromancers
  A wolf spider zombie (Crypt:3)
  4 fire giant zombies
  5 human zombies
  25 orb spiders
  15 cyclopes
  4 oklob plants (Lair:4)
  34 wolf spiders
  2 worldbinders
  A wolf spider (shapeshifter) (Depths:3)
  An orb spider (shapeshifter) (Abyss:5)
  An orc sorcerer (Orc:2)
  3 frost giant zombies
  4 moths of wrath
  4 will-o-the-wisps
  61 deep elf magi
  7 shining eyes
  A stone giant zombie (Crypt:3)
  A manticore (D:15)
  A nameless horror (Desolation)
  40 ugly things
  A guardian serpent (shapeshifter) (Vaults:5)
  An apocalypse crab (Abyss:5)
  2 dire elephant zombies
  Psyche (D:11)
  An ice statue (IceCv)
  Joseph (D:8)
  2 frost giant skeletons (Vaults:3)
  2 guardian serpents
  A torpor snail (shapeshifter) (Vaults:3)
  10 black mambas
  An elephant (shapeshifter) (Depths:3)
  Maurice (D:11)
  5 torpor snails
  3 eyes of devastation
  3 rust devils
  10 vault sentinels
  An eye of devastation (shapeshifter) (Elf:3)
  A demonspawn zombie (WizLab)
  2 molten gargoyles
  2 smoke demons
  A cane toad (shapeshifter) (Depths:4)
  A shock serpent skeleton (Crypt:1)
  A dire elephant skeleton (Crypt:3)
  8 rime drakes
  A yaktaur zombie (WizLab)
  15 cane toads
  11 komodo dragons
  A spark wasp simulacrum (Depths:4)
  12 demonic crawlers
  69 yaktaurs
  A red draconian zombie (Crypt:2)
  A sea snake zombie (Crypt:1)
  An ice devil (Depths:1)
  20 freezing wraiths
  13 hellwings (Crypt:3)
  5 efreet
  4 ancient zymes
  12 guardian mummies
  A hydra zombie (Crypt:3)
  A red devil (Depths:4)
  A tormentor (Abyss:2)
  A bloated husk (Swamp:3)
  A queen bee (Spider:1)
  15 polar bears
  3 human skeletons
  2 trolls (shapeshifter)
  3 polar bears (shapeshifter)
  A catoblepas skeleton (Crypt:3)
  13 trolls
  5 tengu conjurers
  A green draconian skeleton (Crypt:1)
  A hornet (shapeshifter) (Elf:2)
  A jumping spider (shapeshifter) (Vaults:4)
  24 jumping spiders
  21 hornets
  5 tyrant leeches
  A tyrant leech (shapeshifter) (Depths:3)
  A snapping turtle (shapeshifter) (Depths:3)
  6 raiju (Abyss:1)
  39 saltlings
  2 sphinx simulacra
  A tarantella zombie (Crypt:2)
  8 blink frogs
  A meliai zombie (D:15)
  3 ettin zombies
  108 slime creatures
  2 hydra skeletons
  A blink frog (shapeshifter) (Vaults:1)
  7 dream sheep
  2 fire dragon zombies (Crypt:3)
  An alligator zombie (Crypt:3)
  17 flying skulls
  A fire giant simulacrum (Vaults:1)
  4 ice dragon zombies
  2 human simulacra
  2 ettin skeletons
  89 redbacks
  A spriggan (shapeshifter) (Vaults:4)
  A black mamba zombie (Crypt:2)
  63 yaks
  2 centaur simulacra (D:12)
  7 water elementals
  13 spriggans
  A satyr skeleton (Crypt:1)
  3 shadows
  14 wyverns
  4 vampires
  15 wraiths
  4 air elementals
  2 ushabtiu (Tomb:1)
  41 tarantellas
  A black mamba skeleton (Crypt:3)
  A tarantella (shapeshifter) (Depths:5)
  5 small abominations
  5 fire elementals
  3 hogs (D:12)
  3 swamp worm simulacra (Swamp:4)
  Grum (D:11)
  3 basilisks
  3 golden eyes (Slime:1)
  3 chaos spawn
  3 neqoxecs
  2 steam dragons (Lair:6)
  A yaktaur simulacrum (Vaults:3)
  A swamp worm (shapeshifter) (Depths:3)
  22 wargs
  A soldier ant (shapeshifter) (Depths:4)
  6 acid dragons
  18 water moccasins
  22 swamp worms
  A cane toad zombie (Crypt:3)
  A merfolk zombie (Crypt:3)
  A floating eye (Depths:5)
  3 hell hounds
  18 hydra simulacra (Swamp:4)
  3 swamp drakes
  A water nymph zombie (Crypt:1)
  44 orc warriors
  A deep troll skeleton (Vaults:1)
  2 hornet zombies (D:6)
  7 necrophages
  6 eyes of draining
  3 phantoms
  4 black bears
  2 meliai simulacra (D:12)
  4 ice beasts
  2 swamp dragon zombies
  3 elf zombies
  20 boggarts
  7 sky beasts
  A snapping turtle zombie (Crypt:3)
  40 ogres
  An ice dragon simulacrum (Tomb:1)
  30 centaurs
  A manticore zombie (Crypt:3)
  An ogre (shapeshifter) (Depths:1)
  47 wolves
  A snapping turtle skeleton (Crypt:2)
  4 orc skeletons
  5 big kobolds
  11 earth elementals
  A gnoll sergeant (D:8)
  26 bullfrogs
  3 wyvern zombies
  9 wyvern skeletons (Crypt:3)
  6 scorpions
  A killer bee (shapeshifter) (Vaults:5)
  18 killer bees
  An orc simulacrum (Vaults:2)
  A polar bear zombie (Crypt:2)
  4 howler monkeys
  5 centaur zombies
  4 crimson imps
  2 bullfrog zombies (D:6)
  4 hounds
  A quasit (D:10)
  A wyvern simulacrum (D:12)
  2 bullfrog skeletons
  17 orc wizards
  8 centaur skeletons
  19 orc priests
  9 jellies
  Crazy Yiuf (D:2)
  An iron imp (Abyss:1)
  8 iguanas
  14 worker ants
  A sky beast zombie (Crypt:2)
  3 bullfrog simulacra (D:12)
  11 mummies
  4 hound zombies
  7 gnolls
  3 river rats (Sewer)
  2 worker ant zombies
  10 adders
  6 white imps
  5 swamp drake simulacra (Swamp:4)
  10 ufetubi
  2 adder zombies (D:6)
  8 worms
  A barachi zombie (Crypt:1)
  A dart slug (D:1)
  7 leopard geckos
  127 orcs
  16 ball pythons
  A bat (D:3)
  9 giant cockroaches
  20 goblins
  11 hobgoblins
  2 jackals (D:6)
  4 quokkas
  A river rat zombie (Crypt:2)
  9 frilled lizards
  A gnoll zombie (Crypt:1)
  A hobgoblin zombie (D:8)
  28 kobolds
  A leopard gecko zombie (D:6)
  An orc zombie (D:8)
  3 quokka zombies
  32 rats
  5 fire vortices (Volcano)
  A lurking horror (Orc:2)
2936 creatures vanquished.

Vanquished Creatures (collateral kills)
  Mara (Crypt:2)
  A juggernaut (Depths:3)
  A golden dragon (Depths:5)
  A bone dragon (Depths:5)
  2 acid blobs
  An ancient champion (Crypt:1)
  A shadow dragon (Depths:5)
  2 azure jellies
  A revenant (Crypt:1)
  A deep elf sorcerer (Vaults:2)
  2 vault wardens (Vaults:5)
  A ghoul (Crypt:1)
  3 very ugly things
  A halazid warlock (Desolation)
  A mummy priest (WizLab)
  2 deep elf death magi
  A great orb of eyes (Abyss:5)
  3 ragged hierophants (Desolation)
  A yaktaur captain (Vaults:5)
  A hydra (Swamp:4)
  3 servants of whispers (Desolation)
  3 hell knights (Depths:2)
  6 skeletal warriors
  An orc knight (Vaults:2)
  A sphinx zombie (WizLab)
  A frost giant zombie (WizLab)
  A stone giant zombie (WizLab)
  11 slime creatures
  A guardian serpent (Desolation)
  2 eyes of devastation (Slime:4)
  A vault sentinel (Vaults:5)
  A hornet (Vaults:5)
  A large abomination (Abyss:5)
  7 saltlings (Desolation)
  A fire dragon zombie (WizLab)
  4 flying skulls (Crypt:1)
  A yak (IceCv)
  A wind drake zombie (Crypt:2)
  A golden eye (Slime:1)
  A hell hound (Abyss:5)
  An orc zombie (WizLab)
78 creatures vanquished.

Vanquished Creatures (others)
  A deep elf demonologist (Elf:3)
  A dancing weapon (Elf:2)
  A deep elf knight (Elf:1)
  A deep elf mage (Elf:1)
  A raiju (Abyss:1)
  A tyrant leech (Swamp:4)
  A hornet (Spider:4)
  A flying skull (Abyss:1)
  A tarantella (Spider:1)
  2 golden eyes (Abyss:2)
  A centaur (D:13)
  An orc (D:12)
  28 fire vortices
  12 foxfires
  70 fulminant prisms
  117 fungi
  148 plants
  2 starspawn tentacles (Abyss:5)
  67 withered plants
457 creatures vanquished.

Grand Total: 3471 creatures vanquished

Notes
Turn   | Place    | Note
-------+----------+-------------------------------------------
     0 | D:1      | Doot the Deep Elf Conjurer began the quest for the Orb.
     0 | D:1      | Reached XP level 1. HP: 10/10 MP: 6/6
   143 | D:1      | Reached XP level 2. HP: 9/15 MP: 0/8
   664 | D:1      | Reached skill level 5 in Conjurations
   866 | D:1      | Reached XP level 3. HP: 19/19 MP: 5/9
  1374 | D:1      | Learned a level 2 spell: Searing Ray
  1768 | D:2      | Found a runed translucent door.
  1769 | D:2      | Noticed Crazy Yiuf
  2150 | D:2      | Killed Crazy Yiuf
  2151 | D:2      | Reached XP level 4. HP: 22/24 MP: 11/11
  2238 | D:2      | Learned a level 4 spell: Iskenderun's Mystic Blast
  2493 | D:3      | Reached skill level 4 in Spellcasting
  2686 | D:3      | Reached XP level 5. HP: 27/28 MP: 13/13
  2768 | D:3      | Found an ornate altar of the Wu Jian Council.
  2768 | D:3      | Found a snail-covered altar of Cheibriados.
  2965 | D:3      | Reached skill level 5 in Spellcasting
  3266 | D:4      | Found a transporter.
  3344 | D:4      | Found a transporter.
  3347 | D:4      | Found a transporter.
  3348 | D:4      | Noticed GenialerGandalf's ghost (amateur HOFi)
  3615 | D:4      | Reached XP level 6. HP: 32/32 MP: 16/16
  3663 | D:4      | Found a transporter.
  3945 | D:5      | Entered Level 5 of the Dungeon
  3950 | D:5      | Found a staircase to the Ecumenical Temple.
  3955 | Temple   | Entered the Ecumenical Temple
  4220 | D:5      | Noticed an ice beast
  4226 | D:5      | Killed an ice beast
  4329 | D:5      | Got a crude chain mail
  4330 | D:5      | Found a glowing drain.
  4341 | Sewer    | Entered a sewer
  4605 | Sewer    | Reached skill level 1 in Translocations
  4789 | Sewer    | Reached skill level 6 in Spellcasting
  4789 | Sewer    | Reached XP level 7. HP: 34/37 MP: 17/18
  5014 | D:5      | Found a blossoming altar of Fedhas.
  5382 | D:5      | Found a sparkling altar of Nemelex Xobeh.
  5383 | D:5      | Found a white marble altar of Elyvilon.
  5631 | D:6      | Reached skill level 7 in Spellcasting
  5857 | D:6      | Reached XP level 8. HP: 42/42 MP: 21/21
  5961 | D:6      | Reached skill level 1 in Fighting
  5965 | D:6      | Reached skill level 8 in Spellcasting
  6422 | D:6      | Reached skill level 5 in Stealth
  6426 | D:6      | Reached skill level 9 in Spellcasting
  6433 | D:6      | Learned a level 4 spell: Fulminant Prism
  6883 | D:6      | Reached XP level 9. HP: 47/47 MP: 24/24
  6912 | D:6      | Found a shimmering blue altar of Sif Muna.
  7018 | D:6      | Became a worshipper of Sif Muna the Loreminder
  7175 | D:7      | Reached skill level 5 in Dodging
  7178 | D:7      | Reached skill level 1 in Hexes
  7185 | D:7      | Reached skill level 10 in Spellcasting
  7346 | D:7      | Noticed a two-headed ogre
  7358 | D:7      | Killed a two-headed ogre
  7359 | D:7      | Reached skill level 10 in Conjurations
  7893 | D:7      | Reached XP level 10. HP: 35/53 MP: 26/26
  8250 | D:8      | Reached skill level 11 in Spellcasting
  8392 | D:8      | Noticed a two-headed ogre
  8398 | D:8      | Killed a two-headed ogre
  8399 | D:8      | Reached skill level 5 in Translocations
  8518 | D:8      | Reached * piety under Sif Muna
  8583 | D:8      | Found a sand-covered staircase.
  8626 | D:8      | Found a flagged portal.
  8639 | Bailey   | Entered a bailey
  8663 | Bailey   | Noticed an orc warlord
  9156 | Bailey   | Found a runed translucent gate.
  9158 | Bailey   | Found a runed translucent gate.
  9160 | Bailey   | Found a runed translucent gate.
  9253 | Bailey   | Killed an orc warlord
  9254 | Bailey   | Reached skill level 1 in Staves
  9254 | Bailey   | Reached skill level 12 in Spellcasting
  9556 | D:8      | Reached ** piety under Sif Muna
  9766 | D:8      | Noticed Joseph
  9776 | D:8      | Killed Joseph
 10559 | D:9      | Reached skill level 1 in Armour
 10567 | D:9      | Reached XP level 11. HP: 57/57 MP: 29/29
 10621 | D:9      | Reached skill level 13 in Spellcasting
 10634 | D:9      | Reached skill level 1 in Invocations
 11007 | D:9      | Found a staircase to the Lair.
 11170 | D:9      | Found an iron altar of Okawaru.
 11235 | D:9      | Found Qysch's Armour Shoppe.
 11244 | D:9      | Bought the +2 pair of gloves of the Wilderness {Will+} for
                  | 406 gold pieces
 11313 | D:9      | Noticed a two-headed ogre
 11325 | D:9      | Killed a two-headed ogre
 11494 | D:9      | Noticed a two-headed ogre
 11511 | D:9      | Killed a two-headed ogre
 11988 | D:10     | Entered Level 10 of the Dungeon
 12341 | D:10     | Reached *** piety under Sif Muna
 13124 | D:11     | Noticed a white ugly thing
 13143 | D:11     | Killed a white ugly thing
 13360 | D:11     | Noticed Psyche
 13367 | D:11     | Killed Psyche
 13373 | D:11     | Reached skill level 14 in Spellcasting
 13541 | D:11     | Noticed Grum
 13550 | D:11     | Killed Grum
 13717 | D:11     | Noticed Maurice
 13742 | D:11     | Killed Maurice
 14050 | D:11     | Identified the cursed +0 chain mail of Wu Jian's Supremacy
                  | {rPois rC+ Str-2 Dex+2} (You found it on level 5 of the
                  | Dungeon)
 14071 | D:11     | Reached XP level 12. HP: 62/62 MP: 32/32
 14195 | D:12     | Found a staircase to the Orcish Mines.
 14195 | D:12     | Noticed Urug
 14201 | D:12     | Found a gate leading to a gauntlet.
 14224 | D:12     | Killed Urug
 14227 | Gauntlet | Entered a Gauntlet
 14227 | Gauntlet | Found a transporter.
 14227 | Gauntlet | Found a transporter.
 14227 | Gauntlet | Found a transporter.
 14326 | Gauntlet | Found a transporter.
 14350 | Gauntlet | Found a transporter.
 14383 | Gauntlet | Found a transporter.
 14404 | Gauntlet | Found a transporter.
 14426 | Gauntlet | Found a transporter.
 14443 | Gauntlet | Found a transporter.
 14451 | Gauntlet | Found a transporter.
 14470 | Gauntlet | Found a transporter.
 14524 | Gauntlet | Found a transporter.
 14743 | Gauntlet | Reached **** piety under Sif Muna
 14891 | Gauntlet | Identified 2 scrolls of acquirement
 14946 | Gauntlet | Acquired an uncursed staff of conjuration
 14949 | Gauntlet | Acquired the ring "Aphaju Vuim" {+Inv Str+6 Int+5 Stlth-}
 15006 | Gauntlet | Got a warped helmet
 15011 | Gauntlet | Identified the +0 helmet of Nualagee {rPois Will+ Str+4}
                  | (You found it in a Gauntlet)
 15132 | Gauntlet | Noticed a minotaur
 15141 | Gauntlet | Killed a minotaur
 15152 | Gauntlet | Got a twisted troll leather armour
 15163 | Gauntlet | Identified the +2 troll leather armour of Weirdness {rElec
                  | Regen+ Int+7 Dex+7} (You found it in a Gauntlet)
 15416 | D:12     | Noticed a boulder beetle
 15669 | D:12     | Noticed a five-headed hydra
 15676 | D:12     | Killed a five-headed hydra
 15677 | D:12     | Reached skill level 15 in Spellcasting
 16281 | D:12     | Killed a boulder beetle
 16559 | D:12     | Noticed an eight-headed hydra
 16566 | D:12     | Noticed a boulder beetle
 16573 | D:12     | Reached ***** piety under Sif Muna
 16574 | D:12     | Killed an eight-headed hydra
 16598 | D:12     | Killed a boulder beetle
 16768 | D:12     | Reached skill level 10 in Translocations
 16768 | D:12     | Reached XP level 13. HP: 66/66 MP: 8/34
 16882 | D:12     | Received a gift from Sif Muna
 17263 | D:12     | Reached skill level 16 in Spellcasting
 17263 | D:12     | Noticed Kirke
 17275 | D:12     | Killed Kirke
 17276 | D:12     | Reached skill level 5 in Invocations
 18156 | D:12     | Acquired the Volume of Conjuration
 18168 | D:12     | Learned a level 7 spell: Orb of Destruction
 18175 | D:12     | Learned a level 6 spell: Iron Shot
 18317 | D:8      | Gained mutation: Scrolls take you a little longer to read.
                  | [potion of mutation]
 18317 | D:8      | Gained mutation: You have large cloven feet. [potion of
                  | mutation]
 18317 | D:8      | Gained mutation: You are somewhat resistant to further
                  | mutation. [potion of mutation]
 18318 | D:8      | Lost mutation: Scrolls take you a little longer to read.
                  | [potion of mutation]
 18318 | D:8      | Lost mutation: You have large cloven feet. [potion of
                  | mutation]
 18318 | D:8      | Lost mutation: You are somewhat resistant to further
                  | mutation. [potion of mutation]
 18318 | D:8      | Gained mutation: You have a beak for a mouth. [potion of
                  | mutation]
 18318 | D:8      | Gained mutation: You are resistant to electric shocks.
                  | (rElec) [potion of mutation]
 18318 | D:8      | Gained mutation: You are robust. (+10% HP) [potion of
                  | mutation]
 18318 | D:8      | Gained mutation: You have a pair of small antennae on your
                  | head. [potion of mutation]
 18847 | D:12     | Learned a level 4 spell: Animate Dead
 19066 | Orc:1    | Entered Level 1 of the Orcish Mines
 19066 | Orc:1    | Found Naigyic's Armour Boutique.
 19066 | Orc:1    | Noticed a stone giant
 19283 | Lair:1   | Entered Level 1 of the Lair of Beasts
 20558 | Lair:2   | Found a frozen archway.
 20567 | IceCv    | Entered an ice cave
 20960 | IceCv    | Reached skill level 1 in Shields
 21043 | IceCv    | Identified Sif Muna's Guide on Blows and Bruises (Sif Muna
                  | gifted it to you in an ice cave)
 21043 | IceCv    | Received a gift from Sif Muna
 21053 | IceCv    | Learned a level 5 spell: Iskenderun's Battlesphere
 21084 | IceCv    | Reached skill level 17 in Spellcasting
 21274 | IceCv    | Noticed a white draconian
 21291 | IceCv    | Killed a white draconian
 21292 | IceCv    | Reached skill level 1 in Earth Magic
 21382 | IceCv    | Found the +12 glaive of Prune {vorpal}
 21431 | IceCv    | Identified the +6 glaive "Killer Bee's Foe" {vorpal, rPois
                  | rC- rN+ Dex+2} (You found it in an ice cave)
 22588 | Lair:3   | Reached XP level 14. HP: 72/79 MP: 28/37
 23228 | Lair:3   | Reached skill level 15 in Conjurations
 23371 | Lair:3   | Found a staircase to the Swamp.
 23751 | Lair:4   | Identified Nusaerch's Grimoire of Sinister Magic and
                  | Bewitchment (Sif Muna gifted it to you on level 4 of the
                  | Lair of Beasts)
 23751 | Lair:4   | Received a gift from Sif Muna
 23765 | Lair:4   | Learned a level 4 spell: Dispel Undead
 23980 | Lair:4   | Found a hole to the Spider Nest.
 25097 | Lair:5   | Reached skill level 18 in Spellcasting
 25687 | Lair:5   | Found a shimmering altar of Xom.
 25996 | Lair:5   | Found a runed translucent gate.
 25996 | Lair:5   | Found a runed translucent gate.
 25996 | Lair:5   | Found a runed translucent gate.
 25999 | Lair:5   | Found a viscous altar of Jiyva.
 25999 | Lair:5   | Noticed kalagan's ghost (journeyman DECj)
 26157 | Lair:6   | Entered Level 6 of the Lair of Beasts
 26289 | Lair:6   | Identified Sif Muna's Catalogue of Dark Transmigration (Sif
                  | Muna gifted it to you on level 6 of the Lair of Beasts)
 26289 | Lair:6   | Received a gift from Sif Muna
 26324 | Lair:6   | Found a dark tunnel.
 26355 | Volcano  | Entered a volcano
 27583 | Lair:6   | Noticed Sonja
 27701 | Lair:6   | Killed Sonja
 28040 | Lair:6   | Reached XP level 15. HP: 83/83 MP: 36/39
 28176 | Lair:6   | Reached skill level 19 in Spellcasting
 28612 | Lair:6   | Identified the ring "Pukh" {rPois rC+ rN+ Dex+6} (You found
                  | it on level 6 of the Lair of Beasts)
 28635 | Lair:6   | Found a runed translucent door.
 28635 | Lair:6   | Found a viscous altar of Jiyva.
 28639 | Lair:6   | Found a staircase to the Slime Pits.
 30349 | D:13     | Identified Sif Muna's Handbook of the Blaze and Creation
                  | (Sif Muna gifted it to you on level 13 of the Dungeon)
 30349 | D:13     | Received a gift from Sif Muna
 30813 | D:13     | Noticed Jorgrun
 30818 | D:13     | Killed Jorgrun
 31481 | D:14     | Found a sacrificial altar of Ru.
 31664 | D:14     | Reached skill level 5 in Earth Magic
 32002 | D:14     | Found a gate to the Vaults.
 32520 | Orc:1    | You fall into a shaft and drop 1 floor!
 32520 | Orc:2    | Entered Level 2 of the Orcish Mines
 32520 | Orc:2    | Found Sucsic's Jewellery Shoppe.
 32551 | Orc:2    | Reached skill level 20 in Spellcasting
 32713 | Orc:2    | Found a radiant altar of Vehumet.
 32802 | Orc:2    | Found a corrupted altar of Lugonu.
 32806 | Orc:2    | Found a one-way gate to the infinite horrors of the Abyss.
 33272 | Orc:2    | Found Kojyow's General Store.
 33454 | Orc:2    | Found a staircase to the Elven Halls.
 33533 | Orc:2    | Found Miesot's Antique Armour Boutique.
 33741 | Orc:1    | Found Zegid's Distillery.
 33747 | Orc:1    | Identified Sif Muna's Collected Works on Translocation (Sif
                  | Muna gifted it to you on level 1 of the Orcish Mines)
 33747 | Orc:1    | Received a gift from Sif Muna
 33873 | Orc:1    | Reached XP level 16. HP: 84/89 MP: 32/42
 34071 | Orc:1    | Bought a potion of heal wounds for 70 gold pieces
 34071 | Orc:1    | Bought a potion of heal wounds for 70 gold pieces
 34071 | Orc:1    | Bought a potion of cancellation for 112 gold pieces
 34332 | Orc:2    | Found Cozefim's Antique Weapon Emporium.
 34756 | D:15     | Entered Level 15 of the Dungeon
 34767 | D:15     | Noticed Roxanne
 34787 | D:15     | Killed Roxanne
 34817 | D:14     | Learned a level 6 spell: Statue Form
 35023 | D:15     | Reached skill level 1 in Transmutations
 36014 | D:15     | Found a staircase to the Depths.
 36588 | Swamp:1  | Entered Level 1 of the Swamp
 36592 | Swamp:1  | Reached skill level 1 in Necromancy
 37812 | Swamp:2  | Received a gift from Sif Muna
 38365 | Swamp:2  | Reached skill level 21 in Spellcasting
 38516 | Swamp:2  | Reached skill level 5 in Transmutations
 39672 | Swamp:3  | Reached XP level 17. HP: 94/94 MP: 17/44
 40184 | Swamp:3  | Found a runed translucent gate.
 40184 | Swamp:3  | Noticed Almogavar's ghost (adept MiFi)
 40185 | Swamp:3  | Found a runed translucent gate.
 40186 | Swamp:3  | Found a runed translucent gate.
 40457 | Swamp:4  | Entered Level 4 of the Swamp
 40463 | Swamp:4  | Reached skill level 1 in Evocations
 40869 | Swamp:4  | Received a gift from Sif Muna
 40890 | Swamp:4  | Learned a level 7 spell: Spellforged Servitor
 41058 | Swamp:4  | Noticed Louise
 41065 | Swamp:4  | Killed Louise
 41942 | Swamp:4  | Got a sparkling ruby amulet
 41953 | Swamp:4  | Identified the amulet of Widu {Acrobat rF+ rC+} (You found
                  | it on level 4 of the Swamp)
 42333 | Swamp:4  | Got a decaying rune of Zot
 42547 | Spider:1 | Entered Level 1 of the Spider Nest
 42870 | Spider:1 | Reached skill level 22 in Spellcasting
 42940 | Spider:1 | Identified Sif Muna's Grimoire of Quantum Moulding (Sif
                  | Muna gifted it to you on level 1 of the Spider Nest)
 42940 | Spider:1 | Received a gift from Sif Muna
 43148 | Spider:1 | Learned a level 2 spell: Blink
 43667 | Spider:2 | Noticed Arachne
 43793 | Spider:2 | Killed Arachne
 43794 | Spider:2 | Reached skill level 5 in Armour
 43965 | Spider:2 | Reached skill level 5 in Evocations
 45278 | Vaults:1 | Entered Level 1 of the Vaults
 46139 | Vaults:1 | Reached XP level 18. HP: 95/100 MP: 41/46
 46235 | Vaults:1 | Identified Sif Muna's Catalogue of Excruciating Dislocation
                  | (Sif Muna gifted it to you on level 1 of the Vaults)
 46235 | Vaults:1 | Received a gift from Sif Muna
 46246 | Vaults:1 | Learned a level 8 spell: Lehudib's Crystal Spear
 46274 | Vaults:1 | Noticed a lich
 47899 | Vaults:1 | Reached skill level 23 in Spellcasting
 48577 | Vaults:2 | Received a gift from Sif Muna
 48629 | Vaults:2 | Found Kaucybaoll's Weapon Shop.
 48703 | Vaults:2 | Found a ruined gateway.
 48792 | Desolati | Entered the Desolation of Salt
 49161 | Desolati | Identified the ring of Incredulity {Wiz rElec Slay+2} (You
                  | found it in the Desolation of Salt)
 49170 | Desolati | Identified the +9 hand crossbow of Ywoitil {flame, Int+2}
                  | (You found it in the Desolation of Salt)
 49183 | Desolati | Identified Sif Muna's Collected Works on Fetching Battle
                  | Magic
 49191 | Desolati | Got a pair of encrusted boots
 49201 | Desolati | Identified the +0 pair of boots of Temu {Will+} (You found
                  | it in the Desolation of Salt)
 49318 | Desolati | Got a translucent lapis lazuli ring
 49320 | Desolati | Identified the ring "Syora" {*Tele rPois rC+ Str+6 Int-5}
                  | (You found it in the Desolation of Salt)
 49349 | Desolati | Got a sparkling bronze amulet
 49360 | Desolati | Identified the amulet of Zireypp {Faith Str+3} (You found
                  | it in the Desolation of Salt)
 49932 | Desolati | Identified the Disquisition on Cloudy Dislocation
 49939 | Desolati | Got a smoking lead ring
 49941 | Desolati | Identified the ring of the Dragon {+Blink +Fly MP+9 Str+8
                  | Int-4} (You found it in the Desolation of Salt)
 49970 | Desolati | Got an iridescent spear
 49970 | Desolati | Identified the +0 spear of Doom {freeze, *Corrode rC++}
                  | (You found it in the Desolation of Salt)
 50360 | Desolati | Reached skill level 1 in Summonings
 50679 | Desolati | Reached XP level 19. HP: 104/104 MP: 35/48
 51336 | Vaults:2 | HP: 3/104 [something/bolt of poison (9)]
 51340 | Vaults:2 | HP: 1/104 [stone wall collision (8)]
 51516 | Vaults:2 | Reached skill level 10 in Earth Magic
 52389 | Vaults:2 | Reached skill level 24 in Spellcasting
 52624 | Vaults:2 | Identified Sif Muna's Papyrus of the Arsonist (Sif Muna
                  | gifted it to you on level 2 of the Vaults)
 52624 | Vaults:2 | Received a gift from Sif Muna
 52628 | Vaults:2 | Learned a level 1 spell: Foxfire
 52688 | Vaults:2 | Found a roughly hewn altar of Beogh.
 52795 | Vaults:2 | Noticed Margery
 52805 | Vaults:2 | Killed Margery
 52806 | Vaults:2 | Reached skill level 1 in Fire Magic
 54704 | Vaults:3 | Learned a level 1 spell: Freeze
 54872 | Vaults:3 | Identified Sif Muna's Almanac of Dislocated Stolen Souls
                  | (Sif Muna gifted it to you on level 3 of the Vaults)
 54872 | Vaults:3 | Received a gift from Sif Muna
 54873 | Vaults:3 | Reached skill level 1 in Ice Magic
 54973 | Vaults:3 | Reached XP level 20. HP: 93/111 MP: 35/50
 56116 | Vaults:3 | Found a staircase to the Crypt.
 56116 | Vaults:3 | Found an ancient bone altar of Kikubaaqudgha.
 56117 | Vaults:3 | Found a basalt altar of Yredelemnul.
 56146 | Vaults:3 | Found Ugigrom's Antique Weapon Shop.
 56261 | Vaults:3 | Reached skill level 5 in Fire Magic
 56796 | Vaults:3 | Identified Sif Muna's Guide on the Enchanting Blaze (Sif
                  | Muna gifted it to you on level 3 of the Vaults)
 56796 | Vaults:3 | Received a gift from Sif Muna
 57282 | Vaults:4 | Reached skill level 25 in Spellcasting
 57359 | Vaults:4 | Reached skill level 5 in Ice Magic
 58100 | Vaults:4 | Noticed Sojobo
 58104 | Vaults:4 | Killed Sojobo
 58681 | Vaults:4 | Reached XP level 21. HP: 96/115 MP: 29/52
 59005 | Vaults:4 | Got a brightly glowing turquoise ring
 59007 | Vaults:4 | Identified the ring "Losaz" {rElec rF+ MP+9 Str+2 Stlth-}
                  | (You found it on level 4 of the Vaults)
 59095 | Vaults:4 | Identified Sif Muna's Disquisition on Aerial Displacement
                  | (Sif Muna gifted it to you on level 4 of the Vaults)
 59095 | Vaults:4 | Received a gift from Sif Muna
 59801 | Elf:1    | Entered Level 1 of the Elven Halls
 59919 | Elf:1    | Found Fumotaym's Antique Weapon Shoppe.
 59923 | Elf:1    | Found Ynodat's Armour Shop.
 60092 | Elf:1    | Found Jeraplussi's Armour Emporium.
 60194 | Elf:1    | Found a magical portal.
 60205 | WizLab   | Entered Doroklohe's Tomb
 60362 | WizLab   | Noticed a royal mummy
 60380 | WizLab   | Killed a royal mummy
 60399 | WizLab   | Reached skill level 10 in Dodging
 60545 | WizLab   | Got a fine chain mail
 60573 | WizLab   | Got a scorched long sword
 60701 | Elf:1    | Identified the +5 long sword of Hospitality {vorpal, rElec
                  | rN+ Int+3} (You found it in a wizard's laboratory)
 61900 | Elf:2    | Found a huge runed translucent gate.
 61900 | Elf:2    | Found a huge runed translucent gate.
 61900 | Elf:2    | Found a huge runed translucent gate.
 61900 | Elf:2    | Found a huge runed translucent gate.
 61900 | Elf:2    | Found a huge runed translucent gate.
 63327 | Elf:3    | Entered Level 3 of the Elven Halls
 63812 | Elf:3    | Found Faiwny's Distillery.
 63923 | Elf:3    | Reached skill level 26 in Spellcasting
 63926 | Elf:3    | Identified Sif Muna's Almanac of the Arsonist and the
                  | Entourage (Sif Muna gifted it to you on level 3 of the
                  | Elven Halls)
 63926 | Elf:3    | Received a gift from Sif Muna
 64271 | Elf:3    | Reached XP level 22. HP: 121/121 MP: 42/54
 64443 | Elf:3    | Identified the +1 leather armour of Wulumipp {rF+ Str+3
                  | Int-5}
 64560 | Elf:3    | Identified the +8 hand axe of Slime {speed, *Drain rPois
                  | rF+++ SInv}
 64708 | Elf:3    | Identified the cursed +1 chain mail of Ashenzari {rC- rN+
                  | Dex+2} (You found it in a wizard's laboratory)
 64767 | Elf:3    | Identified the cursed +1 falchion "Lixickany" {flame,
                  | Dex+4}
 64822 | Elf:3    | Identified the +8 war axe of Contradiction {freeze, rC+}
 66733 | Spider:4 | Entered Level 4 of the Spider Nest
 67066 | Spider:4 | Reached skill level 10 in Fire Magic
 67068 | Spider:4 | Identified Sif Muna's Handbook of Unholy Companions (Sif
                  | Muna gifted it to you on level 4 of the Spider Nest)
 67068 | Spider:4 | Received a gift from Sif Muna
 67098 | Spider:4 | HP: 4/121 [disintegration[a torpor snail] (38)]
 68666 | Spider:4 | Got a gossamer rune of Zot
 68989 | Depths:1 | Entered Level 1 of the Depths
 69423 | Depths:1 | Found a gateway to Hell.
 69452 | Depths:1 | Reached skill level 10 in Ice Magic
 69635 | Depths:1 | Reached skill level 15 in Translocations
 69831 | Depths:1 | Reached XP level 23. HP: 126/126 MP: 51/55
 70045 | Depths:1 | Identified Sif Muna's Handbook of the Excruciating
                  | Entourage (Sif Muna gifted it to you on level 1 of the
                  | Depths)
 70045 | Depths:1 | Received a gift from Sif Muna
 70253 | Depths:1 | Found a sparkling altar of Nemelex Xobeh.
 70404 | Depths:1 | Found a one-way gate leading to the halls of Pandemonium.
 71270 | Depths:2 | Reached skill level 27 in Spellcasting
 71763 | Depths:2 | Cast into level 2 of the Abyss (hell knight)
 71763 | Abyss:2  | Found a corrupted altar of Lugonu.
 71802 | Abyss:2  | Gained mutation: You have large cloven feet. [a neqoxec]
 71805 | Abyss:2  | Gained mutation: Your body sometimes deteriorates upon
                  | taking damage. [a neqoxec]
 71807 | Abyss:2  | Gained mutation: You are clumsy. (Dex -2) [a neqoxec]
 71844 | Abyss:2  | Found a corrupted altar of Lugonu.
 72206 | Depths:2 | Escaped the Abyss
 72535 | Depths:2 | Found Nezuging's Antique Weapon Shoppe.
 72538 | Depths:2 | Found Esed Jao's Book Shoppe.
 72538 | Depths:2 | Found Qosm's Antique Armour Emporium.
 72543 | Depths:2 | Found Wayto's General Store.
 72551 | Depths:2 | Bought the +3 Elemental Staff {rElec rF++ rC++ Will++ AC+5}
                  | for 1992 gold pieces
 72551 | Depths:2 | Found the +3 Elemental Staff {rElec rF++ rC++ Will++ AC+5}
 72551 | Depths:2 | Bought 3 scrolls of teleportation for 189 gold pieces
 72555 | Depths:2 | Bought a scorched tower shield for 408 gold pieces
 72576 | Depths:2 | Identified the +0 tower shield of Ulurynuell {Will+ rCorr
                  | Int+3} (You bought it in a shop on level 2 of the Depths)
 72693 | Depths:2 | Identified Usuudgh's Catalogue of Changing (Sif Muna gifted
                  | it to you on level 2 of the Depths)
 72693 | Depths:2 | Received a gift from Sif Muna
 73544 | Depths:3 | Noticed a juggernaut
 73553 | Depths:3 | Killed a juggernaut
 73590 | Depths:3 | Found a gateway to a ziggurat.
 73615 | Depths:3 | Found a snail-covered altar of Cheibriados.
 73615 | Depths:3 | Found a stormy altar of Qazlal.
 73616 | Depths:3 | Found a sacrificial altar of Ru.
 73813 | Depths:3 | Noticed a juggernaut
 73828 | Depths:3 | Killed a juggernaut
 75159 | Depths:3 | Reached XP level 24. HP: 127/132 MP: 53/56
 75301 | Depths:3 | Received a gift from Sif Muna
 76114 | Depths:3 | Voluntarily entered the Abyss.
 76543 | Abyss:3  | Found a corrupted altar of Lugonu.
 76739 | Abyss:5  | Entered Level 5 of the Abyss
 76889 | Abyss:5  | Reached skill level 5 in Necromancy
 77162 | Abyss:5  | Paralysed by accursed screaming for 1 turns
 77200 | Abyss:5  | Identified Sif Muna's Catalogue of Mutagenic Attacks (Sif
                  | Muna gifted it to you on level 5 of the Abyss)
 77200 | Abyss:5  | Received a gift from Sif Muna
 77234 | Depths:3 | Escaped the Abyss
 78112 | Depths:3 | Lost mutation: You are clumsy. (Dex -2) [potion of
                  | mutation]
 78112 | Depths:3 | Lost mutation: You have a pair of small antennae on your
                  | head. [potion of mutation]
 78112 | Depths:3 | Lost mutation: Your body sometimes deteriorates upon taking
                  | damage. [potion of mutation]
 78112 | Depths:3 | Gained mutation: You are agile. (Dex +2) [potion of
                  | mutation]
 79453 | Depths:5 | Entered Level 5 of the Depths
 79509 | Depths:5 | Received a gift from Sif Muna
 79722 | Depths:5 | Reached skill level 5 in Shields
 80853 | Depths:5 | Reached XP level 25. HP: 126/136 MP: 45/56
 80957 | Depths:5 | Found a gate to the Realm of Zot.
 81203 | Depths:5 | Reached skill level 15 in Earth Magic
 81493 | Depths:5 | Learned a level 8 spell: Ignition
 81497 | Depths:5 | Acquired 958 gold pieces
 82033 | Slime:1  | Entered Level 1 of the Pits of Slime
 82728 | Slime:2  | Gained mutation: Your body sometimes deteriorates upon
                  | taking damage. [a shining eye]
 83077 | Slime:1  | Received a gift from Sif Muna
 83198 | Slime:2  | Gained mutation: You are dopey. (Int -2) [a shining eye]
 83397 | Swamp:2  | Lost mutation: Your body sometimes deteriorates upon taking
                  | damage. [potion of mutation]
 83397 | Swamp:2  | Lost mutation: You are agile. (Dex +2) [potion of mutation]
 83397 | Swamp:2  | Lost mutation: You are robust. (+10% HP) [potion of
                  | mutation]
 83397 | Swamp:2  | Lost mutation: You are dopey. (Int -2) [potion of mutation]
 83397 | Swamp:2  | Lost mutation: You are resistant to electric shocks.
                  | (rElec) [potion of mutation]
 83397 | Swamp:2  | Gained mutation: You evolve. [potion of mutation]
 83558 | Lair:6   | Gained mutation: Your flesh is heat resistant. (rF+)
                  | [evolution]
 83843 | Slime:1  | Reached skill level 5 in Hexes
 85029 | Slime:3  | Gained mutation: Scrolls take you a little longer to read.
                  | [a shining eye]
 85257 | Slime:3  | Received a gift from Sif Muna
 85979 | Slime:5  | Entered Level 5 of the Pits of Slime
 86070 | Slime:4  | Learned a level 9 spell: Fire Storm
 86164 | Slime:5  | Noticed the Royal Jelly
 86655 | Slime:5  | Killed the Royal Jelly
 86656 | Slime:5  | Reached skill level 15 in Fire Magic
 87173 | Slime:5  | Found the +3 pair of gauntlets of War {Slay+5}
 87179 | Slime:5  | Identified the +0 cloak "Zaetynge" {-Cast Rampage Str+6
                  | Dex+4} (You found it on level 5 of the Pits of Slime)
 87181 | Slime:5  | Got a slimy rune of Zot
 87202 | Slime:5  | Got a wavering jade ring
 87205 | Slime:5  | Identified the ring "Vozal" {rF+ rN++ Will- Str+4 SInv}
                  | (You found it on level 5 of the Pits of Slime)
 87291 | Slime:5  | Identified the +10 hand axe "Urutief" {vorpal, rC++ Will+}
                  | (You found it on level 5 of the Pits of Slime)
 87826 | Vaults:5 | Entered Level 5 of the Vaults
 87879 | Vaults:5 | Reached XP level 26. HP: 128/129 MP: 29/56
 87978 | Vaults:5 | Received a gift from Sif Muna
 88507 | Vaults:5 | Found Femm's Jewellery Shoppe.
 88530 | Vaults:5 | Got a silver rune of Zot
 88728 | Vaults:5 | Reached XP level 27. HP: 133/133 MP: 56/56
 88824 | Vaults:5 | Found Lyqaan's Book Shoppe.
 89103 | Vaults:5 | Reached skill level 10 in Invocations
 89215 | Vaults:5 | Bought a Necronomicon for 2097 gold pieces
 89309 | Vaults:5 | Found Todgho Kuoh's Antique Armour Shoppe.
 89326 | Vaults:5 | Noticed an ancient lich
 89343 | Vaults:5 | Killed an ancient lich
 90298 | Vaults:5 | Identified Sif Muna's Reference Book on Cold (Sif Muna
                  | gifted it to you on level 5 of the Vaults)
 90298 | Vaults:5 | Received a gift from Sif Muna
 90503 | Vaults:5 | Found Gokumeol's Magic Scroll Shoppe.
 90533 | Vaults:5 | Found Diboat's Magic Scroll Emporium.
 90538 | Vaults:5 | Bought a scroll of teleportation for 57 gold pieces
 90538 | Vaults:5 | Bought a scroll of blinking for 142 gold pieces
 90713 | Vaults:5 | Found Pig Loen's Antique Armour Shop.
 90714 | Vaults:5 | Found Terhushax's Distillery.
 90718 | Vaults:5 | Bought a potion of ambrosia for 160 gold pieces
 90718 | Vaults:5 | Bought a potion of curing for 60 gold pieces
 90718 | Vaults:5 | Bought a potion of heal wounds for 100 gold pieces
 90718 | Vaults:5 | Bought a potion of heal wounds for 100 gold pieces
 90722 | Vaults:5 | Bought a pair of encrusted boots for 418 gold pieces
 90722 | Vaults:5 | Bought a distressingly furry leather armour for 308 gold
                  | pieces
 90730 | Vaults:5 | Identified the +2 pair of boots "Eclefoh" {rCorr Int+2}
                  | (You bought it in a shop on level 5 of the Vaults)
 90732 | Vaults:5 | Identified the +3 leather armour "Icoyhiuji" {Rampage
                  | Regen+ Dex+5} (You bought it in a shop on level 5 of the
                  | Vaults)
 90973 | Crypt:1  | Entered Level 1 of the Crypt
 90973 | Crypt:1  | Noticed Khufu
 90973 | Crypt:1  | Noticed a royal mummy
 90986 | Vaults:3 | Killed Khufu
 91093 | Crypt:1  | Killed a royal mummy
 91500 | Crypt:1  | Gained mutation: Your flesh is cold resistant. (rC+)
                  | [evolution]
 92612 | Crypt:1  | Noticed Bai Suzhen
 92643 | Crypt:1  | Killed Bai Suzhen
 93711 | Crypt:2  | Received a gift from Sif Muna
 94604 | Crypt:2  | Noticed Mara
 94615 | Crypt:2  | Killed Mara
 95804 | Crypt:3  | Entered Level 3 of the Crypt
 95885 | Crypt:3  | Reached skill level 10 in Stealth
 96367 | Crypt:3  | Received a gift from Sif Muna
 96814 | Crypt:3  | Found an ancient bone altar of Kikubaaqudgha.
 97955 | Crypt:3  | Reached skill level 15 in Ice Magic
 97996 | Crypt:3  | Identified Sif Muna's Almanac of Flight (Sif Muna gifted it
                  | to you on level 3 of the Crypt)
 97996 | Crypt:3  | Received a gift from Sif Muna
 98197 | Crypt:3  | Noticed an ancient lich
 98201 | Crypt:3  | Killed an ancient lich
 98207 | Crypt:3  | Noticed an ancient lich
 98211 | Crypt:3  | Killed an ancient lich
 98480 | Crypt:3  | Found a staircase to the Tomb.
 98653 | Tomb:1   | Entered Level 1 of the Tomb of the Ancients
 98948 | Tomb:1   | Reached skill level 10 in Necromancy
 99482 | Tomb:1   | Noticed an ancient lich
 99503 | Tomb:1   | Killed from afar by an ancient lich

Illustrated notes

Levels and vault maps discovered:
D:1:      psy_arrival_spokes, layout_rooms, chequers_serial_rivers_small_a,
          glass_columns_a
D:2:      layout_loops_cross, uniq_crazy_yiuf_cottage
D:3:      layout_rooms, gammafunk_temple_overflow_wave
D:4:      gammafunk_wand_slinger, layout_basic, gammafunk_ghost_mausoleum
D:5:      layout_loops_ring, nicolae_overflow_hidden_temple, temple_doors_e,
          portal_sewer_entry_f, basic_altar, fountainhead
D:6:      layout_basic, led_sif_pool, serial_undead, serial_undead_d,
          serial_undead_a, serial_undead_a, serial_undead_b
D:7:      layout_gridville
D:8:      layout_loops_corners, nicolae_ossuary_entry_giza, enter_bailey_5,
          uniq_joseph
D:9:      kennysheep_six_static_rooms, layout_long_grid, kennysheep_mini_moat,
          due_lair_maze_entry_diamond, serial_shops, shop
D:10:     layout_roguey
D:11:     layout_gridville, uniq_maurice, uniq_grum, uniq_psyche
D:12:     lemuel_castle_with_subvaults [lemuel_castle_interior_original],
          layout_stronghold, erik_orc_4, serial_ice, serial_ice_f, serial_ice_h,
          serial_ice_j, serial_ice_b, serial_ice_m, serial_ice_o, serial_ice_e,
          gauntlet_entry_generic, uniq_urug, uniq_kirke
D:13:     layout_gridville, hangedman_ranch [blue_anna_fruit_fields],
          uniq_jorgrun
D:14:     layout_roguey, david_vaults_1, lemuel_tele_altar
D:15:     grunt_enter_depths_hoard, layout_gridville, chequers_arboretum,
          uniq_roxanne
Temple:   kb_temple_of_zot
Lair:1:   layout_small_grid, serial_bayou_shore_a
Lair:2:   layout_small_grid, portal_ice_cave_entry_pillars_1
Lair:3:   layout_chaotic_city, palyth_hydra_swamp_entry
Lair:4:   layout_misc_corridors, spider_nest_entry_web_field, dpeg_oklob_1
Lair:5:   layout_long_grid, basic_altar, gammafunk_ghost_ooze
Lair:6:   hangedman_lair_tendril_chambers, layout_misc_corridors,
          guppyfry_lair_end_dragon, slime_altar_2,
          nicolae_volcano_entry_two_sided, uniq_sonja
Swamp:1:  layout_basic_swamp, nicolae_swamp_triple_paths
Swamp:2:  layout_basic_swamp, serial_swamp_ruin, evilmike_swamp_ruin_house_1,
          evilmike_swamp_ruin_house_2, evilmike_swamp_ruin_house_3, swamp_pool1,
          st_shrine_of_shade
Swamp:3:  layout_basic_swamp, ebering_ghost_rock_garden,
          evilmike_swamp_ruin_house_4, swamp_pool2, hangedman_swamp_diagram
Swamp:4:  swamp_icy, layout_basic_swamp, swamp_pool1, lightli_tree_ring,
          uniq_louise
Spider:1: layout_spider_delve, hive_lemuel
Spider:2: layout_spider_delve, uniq_arachne
Spider:3: layout_spider_delve, nicolae_spider_cling_halls
Spider:4: grunt_spider_rune_parallel
Slime:1:  layout_caves
Slime:2:  layout_caves
Slime:3:  layout_caves
Slime:4:  layout_caves
Slime:5
Orc:1:    layout_caves, serial_shops, shop, shop_coins
Orc:2:    grunt_orc_gardens, layout_diamond_mine, grunt_orc_garden,
          grunt_orc_garden, grunt_orc_garden, grunt_orc_garden, basic_altar,
          amcnicky_altar_lugonu_corruption
Elf:1:    eino_elf_arrival_customs, layout_loops_cross, serial_shops,
          shop_fountains, nicolae_shop_overgrown_old_shop,
          nicolae_shop_window_shopping, mu_enter_wizlab_6, minivault_28,
          lemuel_flame_loot_1
Elf:2:    layout_geoelf_octagon
Elf:3:    grunt_elf_hall_asides, layout_geoelf_octagon, serial_shops, shop,
          hangedman_elf_simple_split
Vaults:1: ontoclasm_vaults_decontamination, nicolae_vaults_network_barrier,
          hangedman_vaults_maws, hangedman_vaults_nails, hangedman_vaults_hat,
          v_misc_22, vaults_room_stairs_pillars, v_pattern_5,
          hangedman_vaults_maws, ontoclasm_vaults_ligature,
          layout_vaults_omnibox
Vaults:2: v_pattern_3, nicolae_vaults_asterisk, ontoclasm_vaults_spin,
          special_room_vaults [special_room_orc], grunt_vaults_hallway_long,
          nicolae_vaults_ring_of_whatevers, nicolae_vaults_what_the_h,
          nicolae_vaults_little_squares_4, nicolae_vaults_little_squares_1,
          hangedman_vaults_nails, layout_vaults_omnigrid,
          portal_desolation_entry_salt, serial_shops, shop, uniq_margery
Vaults:3: vaults_room_boxed, minmay_crypt_entry_necro_gods,
          nicolae_vaults_inception_statues, vaults_room_hangedman_quadrants,
          v_alt_pattern_3, v_pattern_2, hangedman_vaults_restitches,
          vaults_room_pools, hangedman_vaults_snaps,
          ontoclasm_vaults_ring_square, nicolae_vaults_border_crossing,
          vaults_room_pools, layout_vaults_omnicross, serial_shops, shop
Vaults:4: nicolae_vaults_quadrants, vaults_dpeg_cross, hangedman_vaults_stream,
          dpeg_vaults_monster_row, hangedman_vaults_restitches,
          vaults_dpeg_hooks, v_rooms_1, nicolae_vaults_circle_grid_b,
          nicolae_vaults_windows_and_doors_thing, grunt_vaults_trifunnel,
          layout_vaults_maze, uniq_sojobo
Vaults:5
Crypt:1:  statuecave_lemuel, layout_chaotic_city, grunt_crypt_arrival_webbed,
          grunt_megastairs_2, uniq_bai_suzhen, uniq_khufu
Crypt:2:  layout_catacombs, st_vampire_maze, uniq_mara
Crypt:3:  evilmike_haunted_forest
Tomb:1
Depths:1: layout_cave_pools, nrook_campfire, hellmouth_1,
          rand_demon_pan_entry_8, minmay_misc_feat_enclosed,
          nemelex_diamond_rough_becter
Depths:2: minmay_connected_triangles_in_corner, layout_basic, hell_entry,
          kennysheep_cross_room, infiniplex_staircase_zigzag_1,
          minmay_shoptagon, grunt_megastairs_3
Depths:3: hangedman_slaughterboxes, hell_entry, abyss_entry, pan_entry
Depths:4: minmay_inside_and_out, layout_gridlike,
          nicolae_abyss_entry_one_way_or_another, grunt_mini_vestibule,
          serial_bayou_ford_a, amcnicky_mini_rare_corridor_liquid
Depths:5: grunt_zot_entry_funnels, layout_basic, hell_entry, chequers_jeans

Skill      XL: |  1  2  3  4  5  6  7  8  9 10 11 12 13 14 15 16 17 18 19 20 21 22 23 24 25 26 27 |
---------------+----------------------------------------------------------------------------------+-----
Conjurations   | 5 6 7 9 10 11 12 13 14 16 17 18 19 20 21 22 23 24 26 | 26.2
Dodging        | 3 4 5 6 7 8 9 10 11 12 | 12.7
Spellcasting   | 4 5 6 7 9 10 12 14 15 17 18 20 21 22 23 24 25 26 27 | 27.0
Stealth        | 3 4 5 6 7 8 9 10 | 10.2
Translocations | 1 2 3 4 6 8 10 11 12 13 14 15 16 | 16.5
Fighting       | 1 2 3 |  3.9
Hexes          | 1 2 3 4 5 |  5.7
Staves         | 1 2 |  2.3
Armour         | 1 2 3 4 5 6 |  6.6
Invocations    | 4 5 6 8 9 10 | 10.2
Shields        | 1 2 3 4 5 6 |  6.9
Earth Magic    | 1 2 5 7 8 9 10 11 12 13 14 15 17 | 17.5
Transmutations | 5 6 |  6.6
Necromancy     | 1 2 3 4 5 10 | 10.1
Evocations     | 5 |  5.3
Summonings     | 1 2 3 4 |  4.2
Fire Magic     | 4 7 9 10 12 13 16 18 | 18.0
Ice Magic      | 1 5 8 10 11 13 15 | 15.4
Short Blades   | |  0.6

Action                   |  1- 3 |  4- 6 |  7- 9 | 10-12 | 13-15 | 16-18 | 19-21 | 22-24 | 25-27 || total
-------------------------+-------+-------+-------+-------+-------+-------+-------+-------+-------++-------
Melee: Dagger            |    17 |       |       |       |       |       |       |       |       ||    17
       Quarterstaff      |       |     6 |     1 |    10 |       |       |       |       |       ||    17
       Staff             |       |       |       |     2 |    41 |    18 |     6 |    16 |    23 ||   106
       Peck              |       |       |       |       |     8 |     5 |     2 |     3 |     6 ||    24
       Hand axe          |       |       |       |       |       |       |       |     6 |       ||     6
 Cast: Magic Dart        |    80 |    39 |    12 |    17 |     5 |    18 |    14 |     1 |    19 ||   205
       Searing Ray       |     2 |    24 |    36 |    45 |    14 |     6 |       |     2 |       ||   129
       Iskenderun's Myst |       |    10 |    32 |   260 |   223 |   161 |   305 |   330 |    82 ||  1403
       Fulminant Prism   |       |       |     5 |    14 |    12 |     9 |    11 |     7 |    12 ||    70
       Orb of Destructio |       |       |       |       |   121 |   148 |    82 |    84 |    76 ||   511
       Iron Shot         |       |       |       |       |    88 |   209 |   176 |   340 |   234 ||  1047
       Iskenderun's Batt |       |       |       |       |     1 |     3 |     6 |     1 |     3 ||    14
       Animate Dead      |       |       |       |       |     1 |       |       |       |       ||     1
       Statue Form       |       |       |       |       |       |    18 |     4 |    18 |     7 ||    47
       Dispel Undead     |       |       |       |       |       |    10 |     8 |    14 |    90 ||   122
       Spellforged Servi |       |       |       |       |       |    11 |     6 |     5 |    18 ||    40
       Lehudib's Crystal |       |       |       |       |       |     3 |     7 |    39 |    43 ||    92
       Blink             |       |       |       |       |       |       |     1 |       |     6 ||     7
       Ignition          |       |       |       |       |       |       |       |       |    48 ||    48
       Fire Storm        |       |       |       |       |       |       |       |       |    19 ||    19
Invok: Channel Magic     |       |       |       |     2 |     3 |     4 |    13 |    17 |     6 ||    45
       Forget Spell      |       |       |       |       |       |       |       |       |     1 ||     1
Evoke: Wand              |       |       |       |     1 |     3 |     2 |     1 |     1 |       ||     8
  Use: Scroll            |       |       |     7 |    12 |    10 |    14 |     1 |    13 |    10 ||    67
       Potion            |       |       |       |     3 |     2 |     3 |     8 |     8 |     4 ||    28
 Stab: Distracted        |       |       |       |       |       |       |       |       |     1 ||     1
       Sleeping          |       |       |       |       |       |       |       |       |     1 ||     1
Armor: Robe              |     1 |     9 |     3 |     2 |       |       |       |       |       ||    15
       Leather armour    |       |       |       |    11 |     2 |       |       |       |       ||    13
       Troll leather arm |       |       |       |    16 |    79 |    37 |    32 |    44 |    70 ||   278
       Skin              |       |       |       |       |       |    64 |    30 |   112 |    18 ||   224
Dodge: Dodged            |    23 |    60 |    38 |   153 |   236 |   263 |   300 |   492 |   207 ||  1772
Block: Tower shield      |       |       |       |       |    12 |       |       |   101 |   177 ||   290
       Buckler           |       |       |       |       |    53 |    60 |    74 |    87 |       ||   274
